PL
ATLANTA SMOKE @ VANCOUVER GREY WOLVES
07/18/2026
 
TOP OF THE 1ST
Atlanta Smoke batting - Pitching for Vancouver Grey Wolves : LHP Felipe Machado
Pitching: LHP Felipe Machado
Batting: LHB Bernardo Elías 0-0: Ball
1-0: Swinging Strike
1-1: Ground out 6-3 (Groundball, 6)
Batting: RHB Bartolo Morales 0-0: Fly out, F8 (Flyball, 78XD)
Batting: LHB Albert Morán 0-0: Ball
1-0: Swinging Strike
1-1: Foul Ball, location: 2F
1-2: Ball
2-2: Ball
3-2: Foul Ball, location: 2F
3-2: Foul Ball, location: 2F
3-2: Foul Ball, location: 2F
3-2: Fly out, F8 (Flyball, 8RD)
Top of the 1st over - 0 run(s), 0 hit(s), 0 error(s), 0 left on base; Atlanta 0 - Vancouver 0
BOTTOM OF THE 1ST
Vancouver Grey Wolves batting - Pitching for Atlanta Smoke : RHP Calvin Beck
Pitching: RHP Calvin Beck
Batting: RHB Hieu De 0-0: Ball
1-0: Ball
2-0: Foul Ball, location: 2F
2-1: Swinging Strike
2-2: Ball
3-2: Fly out, F6 (Popup, 4MS)
Batting: LHB Sébastien Rolland 0-0: Ball
1-0: Ball
2-0: Called Strike
2-1: Ground out 1-3 (Groundball, 13)
Batting: LHB Francisco Santos 0-0: Called Strike
0-1: Fly out, F8 (Flyball, 8LM)
Bottom of the 1st over - 0 run(s), 0 hit(s), 0 error(s), 0 left on base; Atlanta 0 - Vancouver 0
TOP OF THE 2ND
Atlanta Smoke batting - Pitching for Vancouver Grey Wolves : LHP Felipe Machado
Batting: RHB Gabriel Maldonado 0-0: DOUBLE (Flyball, 8LXD)
Batting: LHB Ned Durand 0-0: Ball
1-0: Ball
2-0: Ball
3-0: Base on Balls
Batting: RHB Layton Templeman 0-0: Ball
1-0: Ball
2-0: Ball
3-0: Base on Balls
Gabriel Maldonado to third
Ned Durand to second
Batting: RHB Gerardo Castillo 0-0: Ball
1-0: Ball
2-0: Ball
3-0: Called Strike
3-1: SINGLE (Groundball, 6MD)
Gabriel Maldonado scores
Ned Durand to third
Layton Templeman to second
Batting: RHB Arturo Maldonado 0-0: Ground out 5-3 (Groundball, 25)
Ned Durand scores
Layton Templeman to third
Gerardo Castillo to second
Batting: RHB Travis Newsome 0-0: Swinging Strike
0-1: Foul Ball, location: 2F
0-2: Ball
1-2: Ball
2-2: Foul Ball, location: 2F
2-2: Strikes out swinging
Batting: LHB Bernardo Elías 0-0: Fly out, F9 (Flyball, 89S)
Top of the 2nd over - 2 run(s), 2 hit(s), 0 error(s), 2 left on base; Atlanta 2 - Vancouver 0
BOTTOM OF THE 2ND
Vancouver Grey Wolves batting - Pitching for Atlanta Smoke : RHP Calvin Beck
Batting: RHB Álex Estrada 0-0: Ball
1-0: Called Strike
1-1: Ball
2-1: Foul Ball, location: 2F
2-2: Strikes out swinging
Batting: LHB Thomas Campbell 0-0: Foul Ball, location: 2F
0-1: SINGLE (Line Drive, 6MD)
Batting: RHB Joaquín Parra 0-0: Called Strike
0-1: Ball
1-1: Ball
2-1: Called Strike
2-2: Strikes out swinging
Batting: RHB Dusty Childress 0-0: Ball
1-0: Ball
2-0: Called Strike
2-1: Foul Ball, location: 2F
2-2: Ball
3-2: Base on Balls
Thomas Campbell to second
Batting: RHB Tony Farquharson 0-0: Ball
1-0: Ball
2-0: Called Strike
2-1: Ball
3-1: Base on Balls
Thomas Campbell to third
Dusty Childress to second
Batting: LHB Tom Cotton 0-0: Ball
1-0: Called Strike
1-1: Ball
2-1: Ground out 3-1 (Groundball, 34S)
Bottom of the 2nd over - 0 run(s), 1 hit(s), 0 error(s), 3 left on base; Atlanta 2 - Vancouver 0
TOP OF THE 3RD
Atlanta Smoke batting - Pitching for Vancouver Grey Wolves : LHP Felipe Machado
Batting: RHB Bartolo Morales 0-0: Fly out, F8 (Flyball, 8RM)
Batting: LHB Albert Morán 0-0: Ball
1-0: Ball
2-0: Called Strike
2-1: Ball
3-1: Foul Ball, location: 2F
3-2: Foul Ball, location: 2F
3-2: Fly out, F8 (Flyball, 8LD)
Batting: RHB Gabriel Maldonado 0-0: Called Strike
0-1: Fly out, F8 (Flyball, 8RM)
Top of the 3rd over - 0 run(s), 0 hit(s), 0 error(s), 0 left on base; Atlanta 2 - Vancouver 0
BOTTOM OF THE 3RD
Vancouver Grey Wolves batting - Pitching for Atlanta Smoke : RHP Calvin Beck
Batting: RHB Hieu De 0-0: Ball
1-0: Ball
2-0: Called Strike
2-1: Swinging Strike
2-2: Ball
3-2: Fly out, F4 (Popup, 4D)
Batting: LHB Sébastien Rolland 0-0: Called Strike
0-1: Ball
1-1: Ball
2-1: SINGLE (Groundball, 34D)
Batting: LHB Francisco Santos 0-0: Swinging Strike
0-1: Foul Ball, location: 2F
0-2: Ball
1-2: Ball
2-2: Foul Ball, location: 2F
2-2: Reached on error, E6 (Groundball, 6MS)
Sébastien Rolland to second
Batting: RHB Álex Estrada 0-0: Ball
1-0: 3-RUN HOME RUN (Flyball, 78XD), Distance : 377 ft
Batting: LHB Thomas Campbell 0-0: Ball
1-0: Ball
2-0: Called Strike
2-1: Ball
3-1: Ground out 1-3 (Groundball, 13S)
Batting: RHB Joaquín Parra 0-0: Ball
1-0: Ground out U3 (Groundball, 34S)
Bottom of the 3rd over - 3 run(s), 2 hit(s), 1 error(s), 0 left on base; Atlanta 2 - Vancouver 3
TOP OF THE 4TH
Atlanta Smoke batting - Pitching for Vancouver Grey Wolves : LHP Felipe Machado
Batting: LHB Ned Durand 0-0: Called Strike
0-1: Ball
1-1: Ball
2-1: SINGLE (Line Drive, 34)
Batting: RHB Layton Templeman 0-0: Called Strike
0-1: Called Strike
0-2: DOUBLE (Flyball, 78D)
Ned Durand to third
Batting: RHB Gerardo Castillo 0-0: Ball
1-0: Ground out 6-3 (Groundball, 56)
Ned Durand scores
Batting: RHB Arturo Maldonado 0-0: Foul Ball, location: 2F
0-1: Swinging Strike
0-2: Ground out 1-3 (Groundball, 13S)
Layton Templeman to third
Batting: RHB Travis Newsome 0-0: Ball
1-0: Called Strike
1-1: SINGLE (Groundball, 34D)
Layton Templeman scores
Batting: LHB Bernardo Elías 0-0: Ball
1-0: Called Strike
1-1: Reached via error on a dropped throw, E3
Travis Newsome to second
Batting: RHB Bartolo Morales 0-0: Ball
1-0: Ball
2-0: Fielders Choice at 2nd, 6-4 (Groundball, 56)
Top of the 4th over - 2 run(s), 3 hit(s), 1 error(s), 1 left on base; Atlanta 4 - Vancouver 3
BOTTOM OF THE 4TH
Vancouver Grey Wolves batting - Pitching for Atlanta Smoke : RHP Calvin Beck
Batting: RHB Dusty Childress 0-0: Foul Ball, location: 2F
0-1: Foul Ball, location: 2F
0-2: SINGLE (Groundball, 25) (infield hit)
Batting: RHB Tony Farquharson 0-0: Ball
1-0: Fly out, F7 (Flyball, 7D)
Runner from 1st tags up, SAFE at 2nd
Batting: LHB Tom Cotton 0-0: Called Strike
0-1: Swinging Strike
0-2: SINGLE (Line Drive, 6D)
Dusty Childress to third
Runner from 3rd tries for Home, SAFE, no throw
Batting: RHB Hieu De 0-0: Called Strike
0-1: Called Strike
0-2: Strikes out swinging
Batting: LHB Sébastien Rolland 0-0: Ground out U3 (Groundball, 3)
Bottom of the 4th over - 1 run(s), 2 hit(s), 0 error(s), 1 left on base; Atlanta 4 - Vancouver 4
TOP OF THE 5TH
Atlanta Smoke batting - Pitching for Vancouver Grey Wolves : LHP Felipe Machado
Batting: LHB Albert Morán 0-0: Ball
1-0: Foul Ball, location: 2F
1-1: Ball
2-1: SINGLE (Flyball, 9LS)
Batting: RHB Gabriel Maldonado 0-0: Ball
1-0: Ball
2-0: Foul Ball, location: 2F
2-1: SINGLE (Line Drive, 8LS)
Albert Morán to second
Batting: LHB Ned Durand 0-0: Ball
1-0: Swinging Strike
1-1: Ball
2-1: Ball
3-1: Called Strike
3-2: Strikes out looking
Batting: RHB Layton Templeman 0-0: Called Strike
0-1: Foul Ball, location: 2F
0-2: Strikes out looking
Batting: RHB Gerardo Castillo 0-0: Ground out 6-3 (Groundball, 6M)
Top of the 5th over - 0 run(s), 2 hit(s), 0 error(s), 2 left on base; Atlanta 4 - Vancouver 4
BOTTOM OF THE 5TH
Vancouver Grey Wolves batting - Pitching for Atlanta Smoke : RHP Calvin Beck
Batting: LHB Francisco Santos 0-0: Ball
1-0: Called Strike
1-1: Ground out U3 (Groundball, 34)
Batting: RHB Álex Estrada 0-0: Ground out 1-3 (Groundball, 15S)
Batting: LHB Thomas Campbell 0-0: Ball
1-0: SINGLE (Groundball, 34) (infield hit)
Batting: RHB Joaquín Parra 0-0: Called Strike
0-1: Ball
1-1: Ball
2-1: Foul Ball, location: 2F
2-2: Fielders Choice at 2nd, 6-4 (Groundball, 6)
Bottom of the 5th over - 0 run(s), 1 hit(s), 0 error(s), 0 left on base; Atlanta 4 - Vancouver 4
TOP OF THE 6TH
Atlanta Smoke batting - Pitching for Vancouver Grey Wolves : LHP Felipe Machado
Batting: RHB Arturo Maldonado 0-0: Called Strike
0-1: Ball
1-1: Ball
2-1: SOLO HOME RUN (Flyball, 7LD), Distance : 340 ft
Batting: RHB Travis Newsome 0-0: Called Strike
0-1: Ball
1-1: Ball
2-1: Called Strike
2-2: Ball
3-2: Base on Balls
Batting: LHB Bernardo Elías 0-0: Sac Bunt - play at first, batter OUT! 2-4
Travis Newsome to second
Batting: RHB Bartolo Morales 0-0: Ball
1-0: Foul Ball, location: 2F
1-1: Foul Ball, location: 2F
1-2: Ball
2-2: SINGLE (Flyball, 9LS)
Travis Newsome to third
Runner from 3rd tries for Home, SAFE, no throw
Pitching: LHP Sergio Hernández
Batting: LHB Albert Morán 0-0: Ball
1-0: Foul Ball, location: 2F
1-1: Ball
Wild Pitch!
Bartolo Morales to second
2-1: Foul Ball, location: 2F
2-2: Ground out 5-3 (Groundball, 5D)
Batting: RHB Gabriel Maldonado 0-0: Ball
1-0: Foul Ball, location: 2F
1-1: Ball
2-1: Called Strike
2-2: Foul Ball, location: 2F
2-2: SINGLE (Line Drive, 56)
Bartolo Morales to third
Runner from 3rd tries for Home, SAFE, no throw
Batting: LHB Ned Durand 0-0: Ball
1-0: Fielders Choice at 2nd, 5-4 (Groundball, 56)
Top of the 6th over - 3 run(s), 3 hit(s), 0 error(s), 0 left on base; Atlanta 7 - Vancouver 4
BOTTOM OF THE 6TH
Vancouver Grey Wolves batting - Pitching for Atlanta Smoke : RHP Calvin Beck
Batting: RHB Dusty Childress 0-0: Called Strike
0-1: Ball
1-1: Ground out 6-3 (Groundball, 6D)
Batting: RHB Tony Farquharson 0-0: Ball
1-0: Ball
2-0: Ball
3-0: Base on Balls
Batting: LHB Tom Cotton 0-0: DOUBLE (Line Drive, 8RXD)
Tony Farquharson to third
Batting: RHB Hieu De 0-0: SINGLE (Line Drive, 78S)
Tony Farquharson scores
Tom Cotton to third
Runner from 3rd tries for Home, SAFE, throw made home
Hieu De to second
Batting: LHB Sébastien Rolland 0-0: Ball
1-0: Fly out, F4 (Popup, 3D)
Batting: LHB Francisco Santos 0-0: Called Strike
0-1: Foul Ball, location: 2F
0-2: Ball
1-2: Foul Ball, location: 2F
1-2: Ground out 5-3 (Groundball, 56S)
Bottom of the 6th over - 2 run(s), 2 hit(s), 0 error(s), 1 left on base; Atlanta 7 - Vancouver 6
TOP OF THE 7TH
Atlanta Smoke batting - Pitching for Vancouver Grey Wolves : LHP Sergio Hernández
Batting: RHB Layton Templeman 0-0: Ball
1-0: Ball
2-0: Swinging Strike
2-1: Ball
3-1: Foul Ball, location: 2F
3-2: DOUBLE (Line Drive, 9LM)
Batting: RHB Gerardo Castillo 0-0: Ball
1-0: Ball
2-0: Called Strike
2-1: Foul Ball, location: 2F
2-2: Fly out, F5 (Popup, 5S)
Batting: RHB Arturo Maldonado 0-0: Ball
1-0: Ball
2-0: Foul Ball, location: 2F
2-1: Foul Ball, location: 2F
2-2: Ball
Wild Pitch!
Layton Templeman to third
3-2: Strikes out swinging
Batting: RHB Travis Newsome 0-0: Foul Ball, location: 2F
0-1: Ball
1-1: Ball
2-1: Ground out 5-3 (Groundball, 5S)
Top of the 7th over - 0 run(s), 1 hit(s), 0 error(s), 1 left on base; Atlanta 7 - Vancouver 6
BOTTOM OF THE 7TH
Vancouver Grey Wolves batting - Pitching for Atlanta Smoke : RHP Calvin Beck
Pitching: RHP Ricardo Gómez
Batting: RHB Álex Estrada 0-0: Called Strike
0-1: Ball
1-1: Foul Ball, location: 2F
1-2: Strikes out swinging
Batting: LHB Thomas Campbell 0-0: Called Strike
0-1: Ball
1-1: Ball
2-1: Ball
3-1: Called Strike
3-2: Strikes out swinging
Batting: RHB Joaquín Parra 0-0: Ball
1-0: Swinging Strike
1-1: Foul Ball, location: 2F
1-2: Fly out, F8 (Flyball, 8LD)
Bottom of the 7th over - 0 run(s), 0 hit(s), 0 error(s), 0 left on base; Atlanta 7 - Vancouver 6
TOP OF THE 8TH
Atlanta Smoke batting - Pitching for Vancouver Grey Wolves : LHP Sergio Hernández
Batting: LHB Bernardo Elías 0-0: Called Strike
0-1: Ground out 4-3 (Groundball, 4)
Batting: RHB Bartolo Morales 0-0: Swinging Strike
0-1: Ground out 4-3 (Groundball, 4)
Batting: LHB Albert Morán 0-0: Called Strike
0-1: Ball
1-1: Foul Ball, location: 2F
1-2: Foul Ball, location: 2F
1-2: Fly out, F8 (Line Drive, 8RM)
Top of the 8th over - 0 run(s), 0 hit(s), 0 error(s), 0 left on base; Atlanta 7 - Vancouver 6
BOTTOM OF THE 8TH
Vancouver Grey Wolves batting - Pitching for Atlanta Smoke : RHP Ricardo Gómez
Pitching: RHP Bruce Hamilton
Batting: RHB Dusty Childress 0-0: Swinging Strike
0-1: Foul Ball, location: 2F
0-2: Ball
1-2: Ball
2-2: Strikes out swinging
Batting: RHB Tony Farquharson 0-0: Ball
1-0: Fly out, F9 (Flyball, 9)
Pitching: LHP Manuel Rodríguez
Batting: LHB Tom Cotton 0-0: Ball
1-0: Foul Ball, location: 2F
1-1: Ball
2-1: Swinging Strike
2-2: Strikes out looking
Bottom of the 8th over - 0 run(s), 0 hit(s), 0 error(s), 0 left on base; Atlanta 7 - Vancouver 6
TOP OF THE 9TH
Atlanta Smoke batting - Pitching for Vancouver Grey Wolves : LHP Sergio Hernández
Pitching: RHP Bill Ball
Batting: RHB Gabriel Maldonado 0-0: Called Strike
0-1: Ball
1-1: Ball
2-1: Swinging Strike
2-2: Strikes out swinging
Batting: LHB Ned Durand 0-0: Ground out 6-3 (Groundball, 6)
Batting: RHB Layton Templeman 0-0: Ball
1-0: Fly out, F6 (Line Drive, 6M)
Top of the 9th over - 0 run(s), 0 hit(s), 0 error(s), 0 left on base; Atlanta 7 - Vancouver 6
BOTTOM OF THE 9TH
Vancouver Grey Wolves batting - Pitching for Atlanta Smoke : LHP Manuel Rodríguez
Pitching: RHP Iván García
Batting: RHB Hieu De 0-0: Called Strike
0-1: Swinging Strike
0-2: Ball
1-2: Foul Ball, location: 2F
1-2: Ball
2-2: Fly out, F9 (Line Drive, 9S)
Batting: LHB Sébastien Rolland 0-0: Called Strike
0-1: Swinging Strike
0-2: Ball
1-2: Strikes out swinging, 2-3 out at first.
Batting: LHB Francisco Santos 0-0: Ball
1-0: Ground out U3 (Groundball, 34)
Bottom of the 9th over - 0 run(s), 0 hit(s), 0 error(s), 0 left on base; Atlanta 7 - Vancouver 6
Monday, March 20th, 2017 - OOTP Baseball 17.12 Build 75